AoeStats
← Scol1ng

Fortress

508933391Analyzed
3v3 RM · 8d ago on Sep 24, 2026· 58m 53s· 6 players
Game mode
Random Map
Map size
Large (8 player)
Population
200
Speed
Normal
Resources
Standard
Victory
Conquest
Starting age
Dark Age
Ending age
Imperial Age
RankedLock teamsTeams togetherTeam positionsShared explorationLock speedFull tech treeHidden civsTurbo modeCheats
Victory
Defeat
🇸🇪 Bulgarians · Sweden
1567
+18
🇲🇽 Berbers · Mexico
1522
+19
🇧🇷 Huns · Brazil
1504
+20
🇩🇪 Dravidians · Germany
1627
-20
🇩🇪 Spanish · Germany
1626
-20
🇩🇪 Gurjaras · Germany
1549
-17
VL Marcelsanz
7:48 Feudal Age
8:34 Double-Bit Axe
11:29 Castle Age
9:34 Horse Collar
10:36 Loom
12:26 Bow Saw
15:01 Wheelbarrow
14:12 Town Watch
14:56 Heavy Plow
16:39 Gold Mining
20:02 Fletching
20:13 Padded Archer Armor
20:59 Ballistics
21:17 Bodkin Arrow
25:00 Gold Shaft Mining
25:32 Leather Archer Armor
27:03 Hand Cart
30:18 Imperial Age
29:02 Bloodlines
28:53 Husbandry
29:22 Kasbah
29:48 Stone Mining
30:25 Thumb Ring
30:48 Scale Barding Armor
30:54 Forging
32:17 Chemistry
31:18 Bracer
31:52 Conscription
31:33 Maghrebi Camels
32:22 Ring Archer Armor
32:02 Elite Camel Archer
33:05 Light Cavalry
34:00 Masonry
34:41 Hoardings
35:03 Siege Engineers
35:36 Hussar
36:38 Scale Barding Armor
36:43 Forging
37:10 Crop Rotation
36:54 Caravan
37:21 Chain Barding Armor
38:07 Iron Casting
37:14 Treadmill Crane
37:45 Fortified Wall
37:31 Murder Holes
39:36 Heavy Camel Rider
41:03 Plate Barding Armor
45:36 Blast Furnace
54:28 Cavalier
Chagas
8:30 Feudal Age
12:10 Castle Age
10:20 Double-Bit Axe
10:35 Horse Collar
11:10 Gold Mining
13:00 Wheelbarrow
13:04 Bow Saw
13:20 Heavy Plow
17:15 Loom
19:12 Fletching
19:41 Bodkin Arrow
22:49 Hand Cart
25:48 Imperial Age
24:47 Gold Shaft Mining
24:09 Stone Mining
25:47 Padded Archer Armor
25:55 Thumb Ring
25:55 Heavy Cavalry Archer
27:03 Bracer
29:37 Chemistry
29:14 Leather Archer Armor
30:47 Ballistics
35:27 Parthian Tactics
37:04 Scale Barding Armor
37:09 Forging
37:17 Masonry
37:12 Caravan
37:23 Guilds
37:43 Coinage
38:24 Chain Barding Armor
38:40 Iron Casting
41:33 Plate Barding Armor
41:59 Blast Furnace
40:56 Murder Holes
44:14 Bloodlines
44:05 Husbandry
46:13 Capped Ram
46:55 Scale Mail Armor
46:19 Light Cavalry
48:40 Siege Ram
Trashclaus
7:29 Feudal Age
8:49 Double-Bit Axe
9:17 Horse Collar
11:39 Castle Age
13:47 Bow Saw
13:29 Loom
14:09 Heavy Plow
18:48 Wheelbarrow
20:55 Hand Cart
22:03 Stone Mining
22:04 Gold Mining
24:31 Town Watch
27:45 Imperial Age
25:26 Scale Barding Armor
25:58 Bloodlines
26:06 Husbandry
26:17 Forging
27:44 Gold Shaft Mining
27:44 Stone Shaft Mining
27:41 Scale Mail Armor
28:04 Chain Barding Armor
28:19 Iron Casting
27:42 Arson
27:58 Squires
28:09 Stirrups
28:52 Conscription
28:19 Light Cavalry
29:02 Hussar
32:55 Plate Barding Armor
33:20 Blast Furnace
32:44 Elite Konnik
33:32 Fletching
36:05 Town Patrol
38:21 Masonry
39:01 Chain Mail Armor
40:17 Bodkin Arrow
40:44 Ballistics
41:25 Chemistry
40:22 Murder Holes
41:48 Siege Engineers
42:14 Architecture
42:28 Plate Mail Armor
41:46 Heavy Scorpion
42:30 Pikeman
44:02 Bracer
44:04 Capped Ram
46:13 Caravan
46:02 Siege Ram
47:36 Halberdier
Öl1ng
7:28 Feudal Age
8:56 Horse Collar
9:09 Double-Bit Axe
11:34 Castle Age
10:26 Gold Mining
12:42 Scale Mail Armor
12:44 Squires
12:30 Arson
14:08 Forging
14:15 Chain Mail Armor
23:09 Bow Saw
23:02 Heavy Plow
22:50 Loom
23:47 Wheelbarrow
26:17 Fletching
35:19 Imperial Age
32:55 Bodkin Arrow
33:45 Thumb Ring
33:01 Elite Skirmisher
33:44 Padded Archer Armor
33:56 Stone Mining
35:11 Leather Archer Armor
35:21 Ballistics
36:59 Chemistry
36:05 Bracer
36:50 Town Watch
37:21 Hand Cart
39:28 Ring Archer Armor
38:48 Pikeman
39:59 Plate Mail Armor
39:39 Forging
40:14 Fortified Wall
40:14 Masonry
39:42 Halberdier
40:19 Man-at-Arms
40:45 Gambesons
41:09 Long Swordsman
42:59 Iron Casting
42:02 Two-Handed Swordsman
42:17 Siege Elephant
44:59 Two-Man Saw
43:36 Champion
44:21 Caravan
44:31 Guilds
45:28 Wootz Steel
45:30 Conscription
48:55 Blast Furnace
48:48 Coinage
55:43 Banking
SvenVonE ツ
8:41 Feudal Age
12:23 Castle Age
10:13 Double-Bit Axe
11:47 Horse Collar
14:08 Bow Saw
14:53 Wheelbarrow
15:05 Loom
21:33 Fletching
21:43 Padded Archer Armor
21:55 Gold Mining
21:56 Treadmill Crane
22:46 Fortified Wall
26:26 Imperial Age
24:43 Ballistics
24:54 Bodkin Arrow
25:21 Thumb Ring
25:58 Heavy Plow
26:51 Leather Archer Armor
26:57 Bloodlines
26:47 Husbandry
27:27 Gold Shaft Mining
26:52 Elite Elephant Archer
27:41 Bracer
29:30 Chemistry
30:55 Frontier Guards
31:15 Heavy Camel Rider
32:02 Scale Barding Armor
32:07 Forging
34:41 Chain Barding Armor
36:07 Plate Barding Armor
39:25 Iron Casting
42:49 Light Cavalry
44:28 Caravan
46:08 Scale Mail Armor
48:36 Hussar
Scol1ng
7:27 Feudal Age
11:06 Castle Age
9:10 Double-Bit Axe
9:51 Horse Collar
12:11 Bow Saw
12:15 Heavy Plow
18:53 Wheelbarrow
20:25 Hand Cart
21:04 Gold Mining
21:29 Stone Mining
26:11 Imperial Age
23:37 Pikeman
24:18 Squires
24:20 Scale Mail Armor
24:30 Arson
24:52 Inquisition
25:34 Chain Mail Armor
25:30 Forging
26:23 Halberdier
27:36 Plate Mail Armor
27:41 Iron Casting
27:29 Conscription
28:20 Chemistry
28:00 Loom
28:57 Block Printing
29:03 Sanctity
32:14 Blast Furnace
34:38 Hoardings
34:20 Masonry
34:21 Elite Conquistador
35:20 Scale Barding Armor
35:55 Husbandry
36:06 Bloodlines
35:38 Cavalier
36:14 Town Watch
36:52 Chain Barding Armor
37:07 Paladin
39:25 Ballistics
41:14 Plate Barding Armor
46:04 Two-Man Saw
45:13 Caravan
51:52 Light Cavalry
Connection lost

Rejoining the realm…

Still unreachable

The connection could not be restored.

Session expired

The server has moved on; the page needs a fresh start.